 Dungeon Crawl Stone Soup version 0.28-a0-863-g8cecda6153 (webtiles) character file.

Game seed: 1399360496640841251

230324 ytrimaz the Peltast (level 18, -3/163 HPs)
             Began as a Minotaur Berserker on Nov 17, 2021.
             Was a High Priest of Trog.
             Killed from afar by a bog body (26 damage)
             ... with a bolt of cold
             ... on level 2 of the Swamp.
             The game lasted 01:02:40 (38158 turns).

ytrimaz the Peltast (Minotaur Berserker)           Turns: 38158, Time: 01:02:40

Health: -3/163     AC: 29    Str: 32    XL:     18   Next: 76%
Magic:  17/17      EV: 11    Int:  4    God:    Trog [*****.]
Gold:   3721       SH: 20    Dex: 12    Spells: 17/17 levels left

rFire   . . .      SeeInvis .   a - +5 broad axe (flame)
rCold   + . .      Faith    .   v - +0 kite shield {rC+}
rNeg    . . .      Spirit   .   O - +0 plate armour
rPois   +          Reflect  +   q - +2 hat
rElec   .          Harm     .   b - +2 cloak
rCorr   .          Rampage  .   h - +2 pair of gloves
Will    +++..      Clarity  +   y - +2 pair of boots {Fly}
Stlth   ..........              c - amulet of reflection
HPRegen 1.37/turn               d - +4 ring of protection
MPRegen 0.15/turn               P - ring of Qelilek {rPois Str+4}

@: about to teleport, strong-willed, corroded, flying, regenerating, studying
Armour
A: horns 2, retaliatory headbutt, hooves 1, clarity, poison resistance
}: 1/15 runes: gossamer
a: Renounce Religion, Berserk, Trog's Hand, Brothers in Arms


You were on level 2 of the Swamp.
You worshipped Trog.
Trog was extremely pleased with you.
You visited 6 branches of the dungeon, and saw 30 of its levels.
You also visited: Ossuary, Bailey and Ice Cave.

You collected 4949 gold pieces.
You spent 1228 gold pieces at shops.

Inventory:

Hand Weapons
 a - a +5 broad axe of flaming (weapon)
 A - a +3 battleaxe of flaming
 G - a +1 broad axe of flaming
Missiles
 e - 3 silver javelins
 k - a boomerang (quivered)
 r - 2 throwing nets
 w - 59 poisoned darts
 K - 7 javelins
 X - 2 atropa-tipped darts
 Z - 2 curare-tipped darts
Armour
 b - a +2 cloak (worn)
 h - a +2 pair of gloves (worn)
 q - a +2 hat (worn)
 v - a +0 kite shield of cold resistance (worn)
 y - a +2 pair of boots of flying (worn)
 L - a +0 tower shield
 O - a +0 plate armour (worn)
Jewellery
 c - an amulet of reflection (around neck)
 d - a +4 ring of protection (left hand)
 o - a +4 ring of slaying
 E - the ring "Beravot" {Fire +Blink rCorr Slay+2}
   (You found it on level 6 of the Dungeon)

   [ring of fire]

   It enhances your fire magic.
   Slay:      It affects your accuracy & damage with ranged weapons and melee
   (+2).
   rF:        It protects you from fire.
   rC:        It makes you vulnerable to cold.
   +Blink:    It lets you blink.
   rCorr:     It protects you from acid and corrosion.
 F - an amulet of the acrobat
 P - the ring of Qelilek (right hand) {rPois Str+4}
   (You found it on level 13 of the Dungeon)

   [ring of poison resistance]

   Str:       It affects your strength (+4).
   rPois:     It protects you from poison.
 Y - a ring of willpower
Wands
 g - a wand of digging (14)
 i - a wand of paralysis (26)
 j - a wand of acid (27)
 m - a wand of polymorph (23)
 s - a wand of charming (11)
 N - a wand of flame (83)
Scrolls
 p - 5 scrolls of fog
 u - 8 scrolls of magic mapping
 x - 4 scrolls of fear
 B - 11 scrolls of teleportation
 D - 11 scrolls of identify
 S - a scroll of blinking
 T - 4 scrolls of enchant armour
 U - 3 scrolls of immolation
 W - 2 scrolls of holy word
Potions
 f - 5 potions of might
 l - 3 potions of berserk rage
 n - 4 potions of heal wounds
 t - 5 potions of curing
 z - 7 potions of ambrosia
 C - 2 potions of mutation
 I - a potion of lignification
 J - 2 potions of invisibility
 R - a potion of magic
 V - 5 potions of haste


   Skills:
 + Level 15.5 Fighting
 - Level 0.2 Long Blades
 + Level 19.5 Axes
 - Level 16.0 Throwing
 * Level 14.1 Armour
 - Level 8.5 Dodging
 * Level 20.5 Shields
 - Level 4.0 Evocations


You had 17 spell levels left.
You didn't know any spells.
Your spell library was empty.

Dungeon Overview and Level Annotations

Branches:
Dungeon (15/15)            Temple (0/1) D:7            Lair (6/6) D:9
  Swamp (2/4) Lair:2       Spider (4/4) Lair:2        Slime (0/5) Lair:5
    Orc (2/2) D:9             Elf (0/3) Orc:2        Vaults (0/5) D:14
 Depths (1/4) D:15        Ossuary (visited)          Bailey (visited)
  IceCv (visited)

Altars:
Elyvilon
Fedhas
Kikubaaqudgha
Qazlal
Trog
Beogh

Shops:
D:9 (   D:13 :   Orc:2 =?*(

Portals:
Trove: D:12 (give +3 storm dragon scales)

Annotations:
D:7 2 transporters, bronco's ghost, novice DECj
D:14 3 runed translucent doors, Encipher's ghost, journeyman DrTm
Lair:1 2 transporters
Orc:1 2 transporters, Dootley's ghost, journeyman FoFi


Innate Abilities, Weirdness & Mutations

You have a pair of horns on your head.
You reflexively headbutt those who attack you in melee.
You have large cloven feet.
You possess an exceptional clarity of mind.
Your system is resistant to poisons. (rPois)


Message History

The bog body barely misses you. You block the bog body's attack.
The goliath frog hits you but does no damage.
Unknown command.
You barely miss the bog body. Your headbutt misses the bog body.
You slash the bog body! You burn the bog body.
The will-o-the-wisp gestures.
The will-o-the-wisp conjures some foxfire!
The bog body barely misses you.
The bog body gestures at you while chanting.
The bolt of cold hits you! You resist.
* * * LOW HITPOINT WARNING * * *
2 foxfires come into view.
Unknown command.
As you read the scroll of teleportation, it crumbles to dust.
You feel strangely unstable.
The foxfire hits you but does no damage.
You block the goliath frog's attack. You block the bog body's attack.
The goliath frog hits you but does no damage.
The bog body casts a spell at you. The bolt of cold hits you. You resist.
* * * LOW HITPOINT WARNING * * *
The foxfire hits you!!
* * * LOW HITPOINT WARNING * * *
You hit the bog body.
The bog body is almost destroyed.
You slice the bog body!! You burn the bog body.
You block the bog body's attack.
Unknown command.
You slash the bog body! You burn the bog body.
You destroy the bog body!
Trog accepts your kill.
Trog appreciates your killing of a magic user.
You slash the bog body! You burn the bog body. You slash the will-o-the-wisp!
You burn the will-o-the-wisp. You block the goliath frog's attack.
Unknown command.
The goliath frog hits you but does no damage.
You block the will-o-the-wisp's attack.
The bog body points at you and mumbles some strange words.
The bolt of cold hits you!! You resist.
You die...

♣♣♣.≈§..≈≈≈≈≈≈≈.♣§≈≈♣
♣≈≈§..≈≈≈≈≈≈≈≈≈..≈..♣
♣≈≈§≈♣.≈≈^≈≈≈≈≈≈≈..<♣♣
♣.≈≈.≈....≈..≈≈≈≈....♣♣
♣.≈≈...♣§≈♣..≈≈≈.♣<...♣
♣≈....≈♣♣♣♣≈≈≈≈.≈♣≈.♣≈.
♣...♣≈♣♣♣ ♣♣≈...♣♣...♣♣
♣.§≈..F.♣ ♣♣.≈♣♣♣..≈♣.
♣..≈≈v@.♣ ♣...≈≈..≈..
♣♣...n..♣ ♣♣♣.#####≈≈
♣♣♣≈♣♣.♣ ♣≈# .. ♣♣♣♣♣♣
♣≈# .♣ ♣≈# ♣≈# ♣≈≈ ♣♣≈
♣


You could see a goliath frog, a will-o-the-wisp and a bog body.

Vanquished Creatures
  Arachne (Spider:4)
  Rupert (Orc:1)
  3 liches (D:13)
  Gastronok (Lair:1)
  Kirke (D:13)
  3 fenstrider witches (Swamp:2)
  The ghost of ardl the Quickloader, a journeyman GnHu of Okawaru (D:13)
  An orc warlord (Bailey)
  Louise (D:15)
  4 ghost moths
  5 emperor scorpions
  A very ugly thing (D:15)
  An ironbound preserver (D:14)
  Nessos (D:12)
  Azrael (D:12)
  4 entropy weavers
  A spark wasp (Spider:4)
  A dire elephant (Lair:3)
  2 bunyips
  A fire dragon (D:14)
  The ghost of Ejaov the Thaumaturge, a journeyman GnWr of Kikubaaqudgha (D:13)
  Josephine (D:14)
  7 boulder beetles
  5 ogre magi
  15 hydras
  4 catoblepae
  23 two-headed ogres
  6 centaur warriors
  A death knight (D:13)
  A tengu warrior (D:14)
  3 alligators (Swamp:1)
  A titan zombie (D:15)
  15 death yaks (Lair:6)
  A vampire mage (D:15)
  Urug (D:10)
  Nergalle (D:12)
  An iron troll (Orc:2)
  3 skeletal warriors
  A goliath frog (Swamp:1)
  A death drake (Swamp:2)
  A deep troll (Orc:2)
  Pikel (D:6)
  A bog body (Swamp:2)
  A lindwurm (Lair:5)
  2 orc knights
  A phantasmal warrior (D:13)
  2 deep elf pyromancers (D:15)
  2 necromancers
  A stone giant zombie (D:15)
  A will-o-the-wisp (Swamp:1)
  An orc sorcerer (Orc:1)
  A shadow dragon skeleton (D:15)
  5 moths of wrath
  5 ugly things
  20 orb spiders
  29 wolf spiders
  3 manticores
  7 cyclopes
  3 black mambas
  18 elephants
  Joseph (D:8)
  3 torpor snails
  2 gargoyles
  8 cane toads
  An ice statue (IceCv)
  Maggie (D:10)
  8 rime drakes
  12 demonic crawlers
  3 freezing wraiths
  8 komodo dragons
  An anaconda simulacrum (IceCv)
  An efreet (D:15)
  13 ice devils (IceCv)
  A tengu conjurer (D:15)
  4 entropy weaver simulacra (IceCv)
  13 trolls
  19 jumping spiders
  A queen bee (D:11)
  7 hornets
  8 polar bears
  A meliai (D:14)
  10 slime creatures
  2 tyrant leeches (Swamp:1)
  A bloated husk (Swamp:2)
  Grinder (D:5)
  9 dream sheep
  28 blink frogs
  A snapping turtle (shapeshifter) (D:14)
  2 spriggans (Swamp:1)
  A vampire (D:10)
  49 yaks
  66 redbacks
  A spriggan skeleton (D:15)
  40 tarantellas
  6 wyverns
  2 centaur simulacra (D:14)
  2 dire elephant simulacra (IceCv)
  Sigmund (D:3)
  8 wraiths
  Eustachio (D:6)
  2 fire elementals (D:12)
  5 hogs (D:13)
  10 basilisks
  2 death yak simulacra
  Grum (D:9)
  Menkaure (D:6)
  12 vampire mosquitoes
  4 swamp worms
  2 acid dragons
  A harpy simulacrum (IceCv)
  3 hell hounds (D:12)
  24 water moccasins
  20 orc warriors
  A sky beast (D:5)
  An ice beast (D:5)
  30 ogres
  A necrophage (D:6)
  3 boggarts (D:15)
  A black bear (shapeshifter) (D:14)
  18 wolves
  18 centaurs
  3 lemures (D:6)
  2 kobold brigands
  17 bullfrogs
  A gnoll sergeant (D:8)
  7 water moccasin zombies (Ossuary)
  2 scorpions (D:5)
  2 two-headed ogre simulacra (Orc:2)
  7 cane toad simulacra
  3 elephant simulacra (IceCv)
  33 killer bees
  6 howler monkeys
  7 electric eels
  2 jellies (D:4)
  4 centaur zombies
  A bullfrog zombie (D:7)
  2 centaur skeletons (D:7)
  2 hounds
  18 orc priests
  Crazy Yiuf (D:2)
  6 iguanas
  Ijyb (D:4)
  A bullfrog skeleton (D:5)
  Jessica (D:2)
  Natasha (thrice) (D:3)
  9 orc wizards
  6 polar bear simulacra (IceCv)
  8 hell rats (Lair:5)
  2 troll simulacra
  A killer bee zombie (D:7)
  6 wolf simulacra
  2 hound skeletons
  2 mummies (Ossuary)
  7 gnolls
  A howler monkey zombie (D:6)
  4 adders
  5 naga simulacra
  A shadow imp (D:7)
  2 white imps
  3 adder zombies (Ossuary)
  2 dart slugs
  57 orcs
  A ball python (D:2)
  7 bats
  7 endoplasms
  3 giant cockroaches
  7 gnoll zombies (Ossuary)
  12 goblins
  9 hobgoblins
  3 quokkas
  2 frilled lizards (D:3)
  5 hobgoblin zombies (Ossuary)
  27 kobolds
  4 kobold zombies (Ossuary)
  3 orc zombies (Ossuary)
  3 rats
1082 creatures vanquished.

Vanquished Creatures (collateral kills)
  Jorgrun (D:15)
  A ghost moth (Spider:4)
  An orc (Orc:1)
3 creatures vanquished.

Vanquished Creatures (others)
  A fenstrider witch (Swamp:2)
  A spriggan air mage (Swamp:2)
  A goliath frog (Swamp:2)
  A jumping spider (Spider:2)
  A bloated husk (Swamp:2)
  A redback (Spider:4)
  A human (D:13)
  A swamp worm (Swamp:2)
  A gnoll (D:8)
  An orc (D:8)
  6 foxfires
  13 fungi
  35 plants
  10 toadstools (Lair:3)
  18 withered plants (D:15)
92 creatures vanquished.

Grand Total: 1177 creatures vanquished

Notes
Turn   | Place    | Note
-------+----------+-------------------------------------------
     0 | D:1      | ytrimaz the Minotaur Berserker began the quest for the Orb.
     0 | D:1      | Reached XP level 1. HP: 19/19 MP: 0/0
   234 | D:1      | Reached XP level 2. HP: 24/27 MP: 1/1
   856 | D:2      | Reached XP level 3. HP: 30/33 MP: 2/2
   923 | D:2      | Noticed Jessica
   929 | D:2      | Killed Jessica
  1173 | D:2      | Found a runed translucent door.
  1174 | D:2      | Noticed Crazy Yiuf
  1248 | D:2      | Found a stormy altar of Qazlal.
  1306 | D:2      | Reached XP level 4. HP: 40/41 MP: 3/3
  1338 | D:2      | Reached ** piety under Trog
  1499 | D:2      | Killed Crazy Yiuf
  1628 | D:3      | Noticed Natasha
  1633 | D:3      | Killed Natasha
  1724 | D:3      | Noticed Sigmund
  1735 | D:3      | Killed Sigmund
  1736 | D:3      | Reached skill level 5 in Axes
  1736 | D:3      | Reached XP level 5. HP: 45/47 MP: 4/4
  1736 | D:3      | Reached XP level 6. HP: 52/55 MP: 5/5
  1830 | D:3      | Noticed Natasha
  1842 | D:3      | Killed Natasha
  1945 | D:3      | Found a faded altar of an unknown god.
  2007 | D:3      | Noticed Natasha
  2010 | D:3      | Killed Natasha
  2011 | D:3      | Reached skill level 5 in Fighting
  2483 | D:4      | Noticed Ijyb
  2493 | D:4      | Killed Ijyb
  2976 | D:4      | Reached XP level 7. HP: 53/61 MP: 6/6
  3104 | D:5      | Entered Level 5 of the Dungeon
  3109 | D:5      | Reached skill level 1 in Throwing
  3124 | D:5      | Reached skill level 5 in Armour
  3308 | D:5      | Noticed Grinder
  3326 | D:5      | Killed Grinder
  3327 | D:5      | Reached skill level 5 in Dodging
  3610 | D:5      | Reached XP level 8. HP: 70/70 MP: 7/7
  4335 | D:6      | Noticed Eustachio
  4335 | D:6      | Noticed Menkaure
  4345 | D:6      | Killed Menkaure
  4348 | D:6      | Noticed Pikel
  4355 | D:6      | Killed Eustachio
  4500 | D:6      | Killed Pikel
  4501 | D:6      | Reached XP level 9. HP: 78/78 MP: 8/8
  4553 | D:6      | Found a sand-covered staircase.
  4559 | Ossuary  | Entered an ossuary
  4580 | Ossuary  | Reached *** piety under Trog
  5234 | D:6      | Identified the ring "Beravot" {Fire +Blink rCorr Slay+2}
  5414 | D:6      | Noticed a two-headed ogre
  5426 | D:6      | Killed a two-headed ogre
  5427 | D:6      | Reached skill level 10 in Axes
  5952 | D:7      | Found a transporter.
  6049 | D:7      | Noticed bronco's ghost (novice DECj)
  6050 | D:7      | Found a transporter.
  6051 | D:7      | Identified the +6 great mace "Lifiasip" {vamp, +Blink Will-
                  | Str+9}
  6151 | D:7      | Reached XP level 10. HP: 69/88 MP: 9/9
  6154 | D:7      | Reached **** piety under Trog
  6521 | D:7      | Found a staircase to the Ecumenical Temple.
  7003 | D:7      | Reached skill level 5 in Throwing
  7320 | D:8      | Noticed Joseph
  7339 | D:8      | Killed Joseph
  7567 | D:8      | Reached skill level 10 in Armour
  8339 | D:9      | Found a staircase to the Orcish Mines.
  8346 | D:9      | Found Nyafyshra's Weapon Shop.
  8386 | D:9      | Bought a +0 broad axe for 64 gold pieces
  8504 | D:9      | Found a white marble altar of Elyvilon.
  8637 | D:9      | Noticed Grum
  8646 | D:9      | Reached XP level 11. HP: 62/95 MP: 6/10
  8650 | D:9      | Killed Grum
  8946 | D:9      | Found a staircase to the Lair.
  9329 | Orc:1    | Entered Level 1 of the Orcish Mines
  9350 | D:10     | Entered Level 10 of the Dungeon
  9356 | D:10     | Noticed Maggie
  9363 | D:10     | Killed Maggie
  9466 | D:10     | Noticed a two-headed ogre
  9471 | D:10     | Killed a two-headed ogre
  9884 | D:10     | Noticed Urug
  9893 | D:10     | Killed Urug
 10236 | D:11     | Reached skill level 1 in Shields
 10313 | D:11     | Reached ***** piety under Trog
 10334 | D:11     | Reached skill level 2 in Shields
 10602 | D:11     | Noticed a two-headed ogre
 10611 | D:11     | Killed a two-headed ogre
 10612 | D:11     | Reached skill level 3 in Shields
 10814 | D:11     | You fall into a shaft and drop 1 floor!
 10820 | D:12     | Noticed a boulder beetle
 10835 | D:12     | Killed a boulder beetle
 11085 | D:12     | Noticed Nessos
 11104 | D:12     | Killed Nessos
 11105 | D:12     | Reached skill level 4 in Shields
 11105 | D:12     | Reached XP level 12. HP: 24/106 MP: 3/11
 11658 | D:11     | Noticed a centaur warrior
 11667 | D:11     | Killed a centaur warrior
 11668 | D:11     | Reached skill level 10 in Fighting
 11668 | D:11     | Reached skill level 5 in Shields
 12104 | D:12     | Noticed an eight-headed hydra
 12307 | D:12     | Noticed Azrael
 12319 | D:12     | Killed Azrael
 12329 | D:12     | Reached skill level 6 in Shields
 12581 | D:12     | Found a portal to a secret trove of treasure.
 12612 | D:12     | Noticed Nergalle
 12623 | D:13     | Noticed a boulder beetle
 12638 | D:12     | Killed Nergalle
 12758 | D:13     | Found a flagged portal.
 12772 | Bailey   | Entered a bailey
 12777 | Bailey   | Noticed an orc warlord
 12861 | Bailey   | Found a runed translucent gate.
 12861 | Bailey   | Found a runed translucent gate.
 12881 | Bailey   | Found a runed translucent gate.
 12882 | Bailey   | Identified a scroll of acquirement
 12882 | Bailey   | Acquired 1023 gold pieces
 12922 | Bailey   | Acquired 897 gold pieces
 12954 | Bailey   | Killed an orc warlord
 12992 | Bailey   | Identified the +3 leather armour of the Amoeba {rPois Will+
                  | Int+2}
 12999 | Bailey   | Reached skill level 11 in Shields
 12999 | Bailey   | Reached XP level 13. HP: 113/113 MP: 12/12
 13000 | Bailey   | Reached skill level 12 in Shields
 13000 | Bailey   | Reached XP level 14. HP: 121/121 MP: 13/13
 15102 | D:13     | Found a runed translucent gate.
 15102 | D:13     | Found a runed translucent gate.
 15103 | D:13     | Found a runed translucent gate.
 15108 | D:13     | Found an ancient bone altar of Kikubaaqudgha.
 15109 | D:13     | Noticed Ejaov's ghost (journeyman GnWr)
 15109 | D:13     | Noticed a lich
 15110 | D:13     | Noticed a lich
 15110 | D:13     | Noticed ardl's ghost (journeyman GnHu)
 15111 | D:13     | Noticed a lich
 15157 | D:13     | Killed a lich
 15158 | D:13     | Reached skill level 15 in Axes
 15158 | D:13     | Killed a lich
 15158 | D:13     | Killed Ejaov's ghost
 15159 | D:13     | Reached skill level 10 in Throwing
 15160 | D:13     | Killed a lich
 15161 | D:13     | Reached skill level 13 in Shields
 15166 | D:13     | Killed ardl's ghost
 15190 | D:13     | Identified the ring of Qelilek {rPois Str+4}
 15193 | D:13     | Identified the +12 hunting sling "Imnu" {venom, +Blink
                  | rF++}
 15198 | D:13     | Identified the +2 helmet "Myiffovi" {rF- Str+6}
 15252 | D:13     | Noticed Kirke
 15267 | D:13     | Killed Kirke
 15337 | D:13     | Found Kaify's Book Emporium.
 15738 | D:13     | Found a blossoming altar of Fedhas.
 15992 | D:14     | Reached XP level 15. HP: 58/130 MP: 14/14
 16330 | D:14     | Noticed Josephine
 16334 | D:14     | Found a gate to the Vaults.
 17593 | D:14     | Killed Josephine
 17595 | D:14     | Found a runed translucent gate.
 17789 | D:14     | Found a runed translucent gate.
 17790 | D:14     | Found a runed translucent gate.
 17791 | D:14     | Noticed Encipher's ghost (journeyman DrTm)
 17901 | D:15     | Entered Level 15 of the Dungeon
 18222 | D:15     | Noticed Louise
 18840 | D:15     | Noticed Jorgrun
 18856 | D:15     | Killed Jorgrun
 19382 | D:15     | Reached skill level 14 in Shields
 19651 | D:15     | Killed Louise
 19857 | D:15     | Found a staircase to the Depths.
 20985 | Orc:2    | Entered Level 2 of the Orcish Mines
 21033 | Orc:2    | Noticed Rupert
 21035 | Orc:2    | Found a staircase to the Elven Halls.
 21050 | Orc:2    | Found a frozen archway.
 21063 | IceCv    | Entered an ice cave
 21336 | IceCv    | Found an ancient bone altar of Kikubaaqudgha.
 22135 | IceCv    | Received a gift from Trog
 22136 | IceCv    | Reached XP level 16. HP: 141/141 MP: 12/15
 23491 | Orc:2    | Reached skill level 15 in Throwing
 23564 | Orc:2    | Found Arasoen's Assorted Antiques.
 23565 | Orc:2    | Found Nodwevui's Weapon Boutique.
 23576 | Orc:2    | Found Zebuipse's Jewellery Shoppe.
 23576 | Orc:2    | Found Dyliebia's Magic Scroll Emporium.
 23608 | Orc:2    | Bought a wand of digging (5) for 240 gold pieces
 23608 | Orc:2    | Bought a potion of might for 120 gold pieces
 23608 | Orc:2    | Bought a scroll of fear for 105 gold pieces
 23608 | Orc:2    | Bought a black potion for 27 gold pieces
 23608 | Orc:2    | Bought a scroll of fog for 60 gold pieces
 23608 | Orc:2    | Bought a scroll of identify for 60 gold pieces
 23621 | Orc:2    | Bought a scroll of identify for 24 gold pieces
 23621 | Orc:2    | Bought a scroll of identify for 24 gold pieces
 23623 | Orc:2    | Bought a scroll of blinking for 90 gold pieces
 23623 | Orc:2    | Bought a scroll of enchant armour for 90 gold pieces
 23623 | Orc:2    | Bought 3 scrolls of teleportation for 108 gold pieces
 23623 | Orc:2    | Bought a scroll of enchant weapon for 90 gold pieces
 23623 | Orc:2    | Bought a scroll of immolation for 42 gold pieces
 23623 | Orc:2    | Bought a scroll of fear for 42 gold pieces
 23623 | Orc:2    | Bought a scroll of magic mapping for 42 gold pieces
 23914 | Orc:1    | Paralysed by Rupert for 6 turns
 23935 | Orc:1    | Killed Rupert
 24089 | Orc:1    | Found a transporter.
 24089 | Orc:1    | Found a transporter.
 24112 | Orc:1    | Noticed Dootley's ghost (journeyman FoFi)
 24143 | Orc:1    | Found a bloodstained altar of Trog.
 24396 | D:9      | Found a staircase to the Lair.
 24630 | D:9      | Found a white marble altar of Elyvilon.
 24824 | Lair:1   | Entered Level 1 of the Lair of Beasts
 25286 | Lair:1   | Found a transporter.
 25287 | Lair:1   | Noticed Gastronok
 25294 | Lair:1   | Killed Gastronok
 25423 | Lair:1   | Found a transporter.
 25856 | Lair:2   | Received a gift from Trog
 25857 | Lair:2   | Found a hole to the Spider Nest.
 26536 | Lair:2   | Found a staircase to the Swamp.
 26938 | Swamp:1  | Entered Level 1 of the Swamp
 27017 | Lair:3   | Reached skill level 15 in Shields
 27155 | Lair:3   | Found a runed translucent door.
 28726 | Lair:5   | Found a staircase to the Slime Pits.
 28794 | Lair:5   | Received a gift from Trog
 29015 | Lair:5   | Reached XP level 17. HP: 150/150 MP: 16/16
 29050 | Lair:5   | Reached skill level 16 in Shields
 29584 | Lair:6   | Entered Level 6 of the Lair of Beasts
 30134 | Lair:6   | Reached ****** piety under Trog
 30344 | Lair:6   | Reached skill level 17 in Shields
 30808 | Lair:6   | Identified the +6 chain mail of Wogiulet {Str+4}
 31128 | Depths:1 | Entered Level 1 of the Depths
 31484 | Spider:1 | Entered Level 1 of the Spider Nest
 32164 | Spider:1 | Received a gift from Trog
 32321 | Spider:2 | Gained mutation: You possess an exceptional clarity of
                  | mind. [potion of mutation]
 32321 | Spider:2 | Gained mutation: Your system is resistant to poisons.
                  | (rPois) [potion of mutation]
 32321 | Spider:2 | Gained mutation: You have large cloven feet. [potion of
                  | mutation]
 32677 | Spider:2 | Reached skill level 1 in Evocations
 32915 | Spider:2 | Reached skill level 18 in Shields
 33135 | Spider:2 | Received a gift from Trog
 33610 | Spider:3 | Reached XP level 18. HP: 159/161 MP: 17/17
 34425 | Spider:4 | Entered Level 4 of the Spider Nest
 34781 | Spider:4 | Reached skill level 19 in Shields
 34807 | Spider:4 | Received a gift from Trog
 34828 | Spider:3 | Reached skill level 15 in Fighting
 36055 | Spider:4 | Got a gossamer rune of Zot
 36058 | Spider:4 | Noticed Arachne
 36082 | Spider:4 | Killed Arachne
 36662 | Spider:4 | Received a gift from Trog
 36678 | Spider:4 | Reached skill level 20 in Shields
 37084 | Spider:4 | Acquired a manual of Armour
 38158 | Swamp:2  | Killed from afar by a bog body

Illustrated notes

Levels and vault maps discovered:
D:1:      scummos_arrival_gate, layout_basic, st_stairs_13,
          minmay_misc_feat_cross, minmay_tetromino_s4
D:2:      layout_basic, basic_altar, minmay_misc_feat_five,
          uniq_crazy_yiuf_cottage, uniq_jessica
D:3:      layout_rooms, nicolae_ecumenical_lake_church, uniq_natasha,
          uniq_sigmund
D:4:      layout_rooms, uniq_ijyb
D:5:      layout_loops_cross, kennysheep_cross_bottleneck, grunt_ministairs_15,
          uniq_grinder
D:6:      layout_cave_pods, nicolae_ossuary_entry_plus, uniq_eustachio,
          uniq_pikel, uniq_menkaure
D:7:      layout_loops_corners, minmay_temple_entry_trees,
          gammafunk_ghost_smash, chequers_serial_rivers_large_b,
          nicolae_concentric_dashed_squares_mild
D:8:      layout_basic, uniq_joseph
D:9:      layout_gridville, elyvilon_altar_5, lair_entry_dummy, orc_david_3,
          minmay_misc_feat_roman, uniq_grum
D:10:     layout_cave_pools, uniq_urug, uniq_maggie
D:11:     layout_roguey [special_room_bee], serial_aquarium,
          aquarium_bridge_long_separate [aquarium_subvault_bridge,
          aquarium_subvault_window, aquarium_subvault_wall,
          aquarium_subvault_balcony, aquarium_subvault_bridge,
          aquarium_subvault_bridge], aquarium_window_corridor_2,
          aquarium_window_fake, aquarium_view_2d, aquarium_view_2d,
          aquarium_pool_2
D:12:     layout_roguey, enter_trove_2, uniq_nessos, uniq_nergalle, uniq_azrael
D:13:     layout_big_octagon, serial_shops, shop, enter_bailey_6,
          gammafunk_ghost_crypt, fedhas_altar_fruit_tree, uniq_kirke
D:14:     layout_roguey, skrybe_vaults_entry_preservation, nrook_mini_vaults,
          gammafunk_ghost_spectres, uniq_josephine
D:15:     gammafunk_depths_entry_grave, layout_gridville, uniq_louise,
          uniq_jorgrun
Lair:1:   gammafunk_worm_tunnel, layout_long_grid, serial_bayou,
          serial_bayou_ford_a, serial_bayou_pond_e, serial_bayou_lagoon_b,
          serial_bayou_shore_b, st_stairs_8, infiniplex_staircase_pool_2,
          uniq_gastronok
Lair:2:   layout_long_grid, minmay_swamp_entry_swarm, spider_nest_entry_a,
          minivault_11, gammafunk_lair_bear_cave, serial_bayou_shore_a
Lair:3:   gammafunk_lair_enchanted_lake, layout_misc_corridors,
          grunt_megastairs_2
Lair:4:   layout_regular_city, small_statue_intersection
Lair:5:   layout_hall_layers, slime_dummy, special_room
          [special_room_mythical_zoo], infiniplex_staircase_pool
Lair:6:   evilmike_catoblepas_cave, layout_gridlike
Swamp:1:  nicolae_swamp_ascending_descending_big, layout_basic_swamp,
          nicolae_swamp_tree_isthmus, swamp_pool2, hangedman_swamp_lotus,
          nicolae_swamp_little_swirl
Swamp:2:  layout_basic_swamp, evilmike_swamp_ruin_house_6,
          nzn_swamp_weyward_sisters
Spider:1: layout_spider_delve, nicolae_spider_webbed_stairs
Spider:2: layout_spider_delve
Spider:3: layout_spider_delve, nicolae_spider_twisty_arc_passages
Spider:4: johnstein_spider_rune_arachne_lair
Orc:1:    layout_caves, gammafunk_ghost_wrathful_warriors, basic_altar,
          minmay_orc_temple_a
Orc:2:    st_orc_open, layout_diamond_mine, portal_ice_cave_entry_ice_simulacra,
          uniq_rupert
Depths:1: layout_gridlike, bloody_trog, grunt_pan_entry_in_and_out,
          pf_hell_entry_tar_river, nicolae_vehumet_radiance, firewood_loft

Skill      XL: |  1  2  3  4  5  6  7  8  9 10 11 12 13 14 15 16 17 18 |
---------------+-------------------------------------------------------+-----
Axes           | 4 5 6 7 8 10 11 13 14 15 16 18 19 | 19.5
Fighting       | 4 5 6 7 8 9 10 11 12 13 14 15 | 15.5
Armour         | 3 4 6 7 8 10 11 12 13 14 | 14.1
Dodging        | 3 4 5 6 7 8 |  8.5
Throwing       | 2 3 4 5 7 8 9 10 13 16 | 16.0
Shields        | 4 11 12 13 14 15 18 20 | 20.5
Evocations     | 2 4 |  4.0
Long Blades    | |  0.2

Action                   |  1- 3 |  4- 6 |  7- 9 | 10-12 | 13-15 | 16-18 || total
-------------------------+-------+-------+-------+-------+-------+-------++-------
Melee: Hand axe          |    70 |    81 |   240 |   158 |       |       ||   549
       Headbutt          |     5 |    15 |    57 |    96 |   133 |   267 ||   573
       Broad axe         |       |       |       |   210 |   391 |   942 ||  1543
       Scimitar          |       |       |       |       |     5 |       ||     5
Throw: Boomerang         |       |     4 |     8 |    39 |   359 |   729 ||  1139
       Javelin           |       |       |       |       |     5 |       ||     5
       Dart              |       |       |       |       |       |    43 ||    43
       Throwing net      |       |       |       |       |       |     2 ||     2
Invok: Berserk           |       |     2 |     5 |     8 |    12 |    10 ||    37
       Trog's Hand       |       |     1 |     1 |     7 |    11 |    11 ||    31
       Brothers in Arms  |       |       |       |     1 |     1 |     1 ||     3
Evoke: Wand              |       |       |       |       |       |     1 ||     1
  Use: Scroll            |     3 |     3 |     7 |     8 |    16 |    13 ||    50
       Potion            |       |       |       |     7 |    12 |     8 ||    27
 Stab: Invisible         |       |       |       |       |    10 |     1 ||    11
Armor: Animal skin       |    24 |       |       |       |       |       ||    24
       Scale mail        |       |    36 |   107 |   238 |    47 |       ||   428
       Plate armour      |       |       |       |       |   261 |   813 ||  1074
Dodge: Dodged            |    57 |    42 |   113 |   254 |   295 |   458 ||  1219
Block: Tower shield      |       |       |       |    99 |       |       ||    99
       Kite shield       |       |       |       |       |       |   966 ||   966
       Reflection        |       |       |       |       |       |     1 ||     1

Table legend: (Time is in decaauts)
 A = Elapsed time spent in this place.
 B = Non-inter-level travel time spent in this place.
 C = Inter-level travel time spent in this place.
 D = Time resting spent in this place.
 E = Time spent auto-exploring this place.
 F = Levels seen in this place.
 G = Mean time per level.
                   A        B        C        D        E       F      G
               +--------+--------+--------+--------+--------+-----+--------+
         Total |  37819 |  35544 |   2275 |   7119 |  22261 |  33 | 1146.0 |
       Dungeon |  21090 |  19797 |   1293 |   4508 |  12493 |  15 | 1406.0 |
          Lair |   6032 |   5384 |    648 |     25 |   4213 |   6 | 1005.3 |
         Swamp |    912 |    881 |     31 |      0 |    745 |   2 |  456.0 |
   Spider Nest |   5551 |   5381 |    170 |   1646 |   2791 |   4 | 1387.8 |
  Orcish Mines |   2459 |   2327 |    132 |    521 |   1267 |   2 | 1229.5 |
        Depths |      1 |      1 |      0 |      0 |      0 |   1 |    1.0 |
       Ossuary |    282 |    282 |      0 |      0 |    183 |   1 |  282.0 |
        Bailey |    241 |    241 |      0 |      4 |      4 |   1 |  241.0 |
      Ice Cave |   1249 |   1249 |      0 |    414 |    564 |   1 | 1249.0 |
               +--------+--------+--------+--------+--------+-----+--------+

Top non-repeatable levels by time:
    D:12: 3256 daAuts
    D:14: 2406 daAuts
    D:15: 2283 daAuts
Spider:4: 2014 daAuts
     D:9: 1823 daAuts
Spider:3: 1460 daAuts
   Orc:1: 1428 daAuts
     D:5: 1391 daAuts
    D:11: 1264 daAuts
   IceCv: 1249 daAuts
     D:7: 1230 daAuts
     D:6: 1227 daAuts
  Lair:2: 1219 daAuts
  Lair:6: 1183 daAuts
Spider:1: 1166 daAuts
